 Dungeon Crawl Stone Soup version 0.26-a0-712-ga5a9c9c9d0 (webtiles) character file.

Game seed: 13099729958465745757

(classic levelgen) 11 EnegeticOcto the Covered (level 2, 21/27 HPs)
             Began as a Deep Dwarf Fighter on Nov 4, 2020.
             Quit the game on level 2 of the Dungeon.
             The game lasted 00:00:07 (80 turns).

EnegeticOcto the Covered (Deep Dwarf Fighter)         Turns: 80, Time: 00:00:07

Health: 21/27      AC:  6    Str: 19    XL:     2   Next: 17%
Magic:  2/2        EV:  7    Int:  8    God:
Gold:   21         SH:  9    Dex: 12    Spells: 1/1 levels left

rFire    . . .     SeeInvis .   a - +0 war axe
rCold    . . .     Faith    .   c - +0 kite shield
rNeg     . . .     Spirit   .   b - +0 scale mail
rPois    .         Reflect  .   (no helmet)
rElec    .         Harm     .   (no cloak)
rCorr    .         Rampage  .   (no gloves)
MR       .....                  (no boots)
Stlth    ..........             (no amulet)
HPRegen  0.00/turn              (no ring)
MPRegen  0.08/turn              (no ring)

@: mildly poisoned (21 -> 21), non-regenerating
A: damage resistance, heal wounds, sense surroundings 1, no regeneration
a: Heal Wounds


You were on level 2 of the Dungeon.
You visited 1 branch of the dungeon, and saw 2 of its levels.

You collected 21 gold pieces.

Inventory:

Hand Weapons
 a - a +0 war axe (weapon)
Armour
 b - a +0 scale mail (worn)
 c - a +0 kite shield (worn)
Potions
 d - a potion of might {@q3}


   Skills:
 + Level 2.8 Fighting
 * Level 2.6 Axes
 + Level 3.4 Armour
 + Level 3.4 Shields


You had one spell level left.
You didn't know any spells.
Your spell library was empty.

Dungeon Overview and Level Annotations

Branches:
Dungeon (2/15)

Altars:


Innate Abilities, Weirdness & Mutations

You are resistant to damage.
You can heal yourself by infusing magical energy.
You passively map a small area around you.
You do not regenerate.


Message History

You block the bat's attack.
Your shield and scale mail prevent you from hitting the bat.
The bat hits you but does no damage.
No target in view!
No target in view!
No target in view!
No target in view!
No target in view!
No target in view!
No target in view!
No target in view!
No target in view!
No target in view!
No target in view!
No target in view!
No target in view!
No target in view!
No target in view!
No target in view!
No target in view!
No target in view!
(D) Dungeon
Where to? (? - help)
Found a scroll labeled HUSKIA PONA.
There is a stone staircase leading down here.
You climb downwards.
A bat and a rat come into view.
Found 21 gold pieces.
There is a stone staircase leading up here.
There are monsters nearby!
There are monsters nearby!
You barely miss the bat. The bat barely misses you.
You slash the bat!
You kill the bat!
The rat bites you.
You slash the rat!
You kill the rat!
No target in view!
No target in view!
No target in view!
No target in view!
No target in view!
No target in view!
No target in view!
There is a stone staircase leading up here.
You now have 7 gold pieces.
An adder comes into view.
The adder hisses angrily.
You see here 14 gold pieces.
An adder is nearby!
An adder is nearby!
An adder is nearby!
You miss the adder. You block the adder's attack.
The adder bites you but does no damage.
You barely miss the adder. You block the adder's attack. The adder bites you.
You are poisoned.
The adder poisons you!
You closely miss the adder. The adder bites you.
You are more poisoned.
The adder poisons you! The adder barely misses you.
You closely miss the adder. The adder closely misses you.
The adder completely misses you.
You miss the adder. You block the adder's attack. The adder bites you.
You barely miss the adder. You block the adder's attack.
The adder bites you but does no damage.
You barely miss the adder. You block the adder's attack. The adder bites you.
You are more poisoned.
The adder poisons you!
An adder is nearby!
An adder is nearby!
An adder is nearby!
You barely miss the adder. The adder bites you.
You are more poisoned.
The adder poisons you!
You slash the adder!
You kill the adder!
You have reached level 2!
You now have 21 gold pieces (gained 14).
A rat comes into view.
The rat bites you but does no damage.
A rat is nearby!
A rat is nearby!
A rat is nearby!
You slash the rat!
You kill the rat!
No target in view!
No target in view!
No target in view!
No target in view!
No target in view!
No target in view!
No target in view!
No target in view!
No target in view!
No target in view!
No target in view!
No target in view!
No target in view!
No target in view!
Are you sure you want to abandon this character and quit the game? (Confirm with "yes".)

, * * * * * * * *
###* #.. , * #.#
## , #####.####,.
..,,
#.....†..#.##.# *
*#@##.#....... *
#....†.#*.#.#* #
####.#.##.#.####.#
* ,*
*#..............#
,
*##.#.###........
*
*#...............
*#........†......
, #...............
, #....†..........


There were no monsters in sight!

Vanquished Creatures
  An adder (D:2)
  A bat (D:2)
  2 rats (D:2)
4 creatures vanquished.

Notes
Turn   | Place    | Note
-------+----------+-------------------------------------------
     0 | D:1      | EnegeticOcto the Deep Dwarf Fighter began the quest for the
                  | Orb.
     0 | D:1      | Reached XP level 1. HP: 20/20 MP: 1/1
    72 | D:2      | Reached XP level 2. HP: 21/27 MP: 2/2
    80 | D:2      | Quit the game

Illustrated notes

Levels and vault maps discovered:
D:1:      minmay_arrival_checkered_box, layout_basic, serial_bayou_lagoon_a,
          roderic_lattice_a, dk_noncrumbling_2
D:2:      minmay_roachtagon, layout_loops_cross, uniq_terence

Action                   || total
-------------------------++-------
Melee: War axe           ||    20
Armor: Scale mail        ||     7
Dodge: Dodged            ||    10
Block: Kite shield       ||    10

Table legend: (Time is in decaauts)
 A = Elapsed time spent in this place.
 B = Non-inter-level travel time spent in this place.
 C = Inter-level travel time spent in this place.
 D = Time resting spent in this place.
 E = Time spent auto-exploring this place.
 F = Levels seen in this place.
 G = Mean time per level.
                   A        B        C        D        E       F      G
               +--------+--------+--------+--------+--------+-----+--------+
         Total |     88 |     75 |     13 |      0 |     35 |   2 |   44.0 |
       Dungeon |     88 |     75 |     13 |      0 |     35 |   2 |   44.0 |
               +--------+--------+--------+--------+--------+-----+--------+

Top non-repeatable levels by time:
     D:1: 45 daAuts
     D:2: 43 daAuts
